 Dungeon Crawl Stone Soup version 0.28-a0-1629-gf728b707aa (webtiles) character file.

Game seed: 16315313937151168461

164 funkygono the Firebug (level 5, -2/28 HPs)
             Began as a Gargoyle Fire Elementalist on Jan 24, 2022.
             Slain by an iguana (8 damage)
             ... on level 3 of the Dungeon.
             The game lasted 00:05:11 (3497 turns).

funkygono the Firebug (Gargoyle Fire Elementalist)  Turns: 3497, Time: 00:05:13

Health: -2/28      AC:  7    Str: 11    XL:     5   Next: 45%
Magic:  9/10       EV: 12    Int: 18    God:
Gold:   82         SH:  0    Dex: 10    Spells: 5/11 levels left

rFire   + . .      SeeInvis .   o - +0 mace (protect)
rCold   x . .      Faith    .   (no shield)
rNeg    + . .      Spirit   .   a - +0 robe
rPois   ∞          Reflect  .   b - +0 helmet
rElec   +          Harm     .   k - scarf {+Inv}
rCorr   .          Rampage  .   (no gloves)
Will    .....                   (no boots)
Stlth   ++........              (no amulet)
HPRegen 0.09/turn               l - ring of fire
MPRegen 0.12/turn               (no ring)

@: no status effects
A: sickness immunity, AC +4, negative energy resistance 1, electricity
resistance, torment resistance 1, petrification resistance
a: Evoke Invisibility


You were on level 3 of the Dungeon.
You visited 1 branch of the dungeon, and saw 4 of its levels.

You collected 82 gold pieces.

Inventory:

Hand Weapons
 e - a +0 club
 n - a +3 dagger of draining
 o - a +0 mace of protection (weapon)
Missiles
 d - 29 stones
Armour
 a - a +0 robe (worn)
 b - a +0 helmet (worn)
 f - a +0 leather armour
 k - a scarf of invisibility (worn)
Jewellery
 l - a ring of fire (left hand)
Scrolls
 c - a scroll of fear
 h - a scroll of immolation
 m - a scroll of blinking
 p - a scroll of teleportation {unknown}
Potions
 g - a potion of brilliance {unknown}
 i - 3 potions of curing {unknown}
 j - 2 potions of lignification {unknown}


   Skills:
 + Level 0.8 Maces & Flails
 + Level 1.6 Dodging
 - Level 2.1 Stealth
 * Level 3.5 Spellcasting
 * Level 1.9 Conjurations
 * Level 4.5 Fire Magic


You had 5 spell levels left.
You knew the following spells:

 Your Spells              Type           Power      Damage    Failure   Level
a - Foxfire               Conj/Fire      88%        2x1d8     4%          1
b - Scorch                Fire           58%        2d7       3%          2
c - Conjure Flame         Conj/Fire      22%        6-21      12%         3

Your spell library contained the following spells:

 Spells                   Type           Power      Damage    Failure   Level
 Magic Dart               Conj           40%        1d5       7%          1
 Freeze                   Ice            12%        1d4       16%         1
 Inner Flame              Hex/Fire       16%        N/A       19%         3
 Call Imp                 Summ           3%         N/A       24%         2
 Mephitic Cloud           Conj/Pois/Air  5%         N/A       34%         3
 Flame Wave               Conj/Fire      22%        2d7       38%         4
 Frozen Ramparts          Ice            6%         1d2       43%         3
 Hailstorm                Conj/Ice       6%         3d4       71%         4
 Ice Form                 Ice/Tmut       3%         N/A       83%         4
 Simulacrum               Ice/Necr       1%         N/A       100%        6


Dungeon Overview and Level Annotations

Branches:
Dungeon (4/15)
 Temple: D:4-7

Altars:
Gozag
Xom


Innate Abilities, Weirdness & Mutations

You are immune to sickness and miasma.
Your stone body is resilient. (AC +4)
You are immune to poison.
You resist negative energy. (rN+)
You are resistant to electric shocks. (rElec)
You are resistant to unholy torment.
You are immune to petrification.


Message History

You feel a surge of power!
You conjure some foxfire!
The gnoll shouts!
Casting: Foxfire (safe; 4% risk of failure)
Confirm with . or Enter, or press ? or * to list all spells.
You feel a surge of power!
You conjure some foxfire!
The foxfire hits the gnoll!
The gnoll is heavily wounded.
The foxfire hits the gnoll but does no damage.
The gnoll is heavily wounded.
The foxfire hits the gnoll.
The gnoll is almost dead.
The foxfire hits the gnoll.
You kill the gnoll!
An iguana comes into view.
Casting: Foxfire (safe; 4% risk of failure)
Confirm with . or Enter, or press ? or * to list all spells.
You feel a surge of power!
You conjure some foxfire!
A gnoll comes into view. It is wielding a +0 flail.
A gnoll comes into view. It is wielding a +0 whip.
The foxfire hits the iguana.
The iguana is lightly wounded.
The foxfire hits the iguana.
The iguana is moderately wounded.
There is a stone staircase leading up here.
You climb upwards.
There is a stone staircase leading down here.
You start resting.
Magic restored.
You climb downwards.
The iguana completely misses you. The iguana bites you!
There is a stone staircase leading up here.
The gnoll hits you with a +0 flail. The iguana closely misses you.
You climb upwards.
There is a stone staircase leading down here.
Casting: Foxfire (safe; 4% risk of failure)
Confirm with . or Enter, or press ? or * to list all spells.
You feel a surge of power!
You conjure some foxfire!
The gnoll hits you with a +0 flail!
* * * LOW HITPOINT WARNING * * *
The iguana bites you!
You die...

####.#..........#
#####.####.......#
#.....#####......#####
#................'..÷#
#..........#.....###.########
#..........#.....###........#
#..........#......##.######.#
#..........#.v.g............#
#..........#..@l.≈≈≈≈≈≈≈≈≈..#
####.......#...v.≈.....)....#
############..≈.#####.≈..#
#..≈.....#.≈..#
#..≈.#._.#.≈..#
#..≈.#.....≈.##
#..≈.#####.≈.# #..≈.......≈.#
#..≈≈≈≈≈≈≈≈≈.#


You could see an iguana (ally target) and a gnoll.

Vanquished Creatures
  Jessica (D:2)
  4 gnolls (D:4)
  2 adders (D:2)
  3 worms (D:3)
  2 dart slugs (D:1)
  12 ball pythons
  4 endoplasms
  9 goblins
  5 hobgoblins
  2 jackals (D:1)
  5 quokkas
  4 bats
  6 frilled lizards
  5 kobolds
  8 rats
72 creatures vanquished.

Vanquished Creatures (others)
  198 foxfires
198 creatures vanquished.

Grand Total: 270 creatures vanquished

Notes
Turn   | Place    | Note
-------+----------+-------------------------------------------
     0 | D:1      | funkygono the Gargoyle Fire Elementalist began the quest
                  | for the Orb.
     0 | D:1      | Reached XP level 1. HP: 10/10 MP: 3/3
   200 | D:1      | Reached XP level 2. HP: 15/15 MP: 0/5
   203 | D:1      | Learned a level 2 spell: Scorch
   389 | D:1      | Found a faded altar of an unknown god.
   719 | D:1      | Reached XP level 3. HP: 19/19 MP: 0/6
   723 | D:1      | Learned a level 3 spell: Conjure Flame
  1913 | D:2      | Reached XP level 4. HP: 24/24 MP: 5/8
  2274 | D:2      | Noticed Jessica
  2276 | D:2      | Killed Jessica
  2277 | D:2      | Reached skill level 4 in Fire Magic
  2484 | D:3      | Found an opulent altar of Gozag.
  2868 | D:3      | Reached XP level 5. HP: 28/28 MP: 6/9
  3029 | D:3      | Found a shimmering altar of Xom.
  3497 | D:3      | Slain by an iguana

Illustrated notes

Levels and vault maps discovered:
D:1:      nicolae_arrival_washed_ashore, layout_loops_ring,
          dreamdust_ecumenical_altar_statues
D:2:      layout_basic, uniq_jessica
D:3:      layout_basic, mainiacjoe_overflow_brackets,
          nicolae_gozag_cash_rules_everything_around_me, nicolae_wormholes
D:4:      layout_cave_pools, led_sif_pool, pdpol_wu_jian_five_deadly_venoms,
          amcnicky_mini_corridor_feature

Skill      XL: |  1  2  3  4 |
---------------+-------------+-----
Spellcasting   | 3 |  3.5
Fire Magic     | 4 |  4.5
Maces & Flails | |  0.8
Dodging        | |  1.6
Stealth        | |  2.1
Conjurations   | |  1.9

Action                   |  1- 3 |  4- 6 || total
-------------------------+-------+-------++-------
Melee: Unarmed           |     6 |       ||     6
       Club              |    11 |     4 ||    15
       Punch             |       |     1 ||     1
 Cast: Foxfire           |    63 |    57 ||   120
       Scorch            |     5 |     9 ||    14
 Abil: Evoke Invisibilit |     1 |       ||     1
  Use: Scroll            |       |     4 ||     4
Armor: Robe              |     7 |     5 ||    12
Dodge: Dodged            |    16 |     5 ||    21

Table legend: (Time is in decaauts)
 A = Elapsed time spent in this place.
 B = Non-inter-level travel time spent in this place.
 C = Inter-level travel time spent in this place.
 D = Time resting spent in this place.
 E = Time spent auto-exploring this place.
 F = Levels seen in this place.
 G = Mean time per level.
                   A        B        C        D        E       F      G
               +--------+--------+--------+--------+--------+-----+--------+
         Total |   3500 |   3468 |     32 |     69 |   2857 |   4 |  875.0 |
       Dungeon |   3500 |   3468 |     32 |     69 |   2857 |   4 |  875.0 |
               +--------+--------+--------+--------+--------+-----+--------+

Top non-repeatable levels by time:
     D:1: 1515 daAuts
     D:3: 1042 daAuts
     D:2: 872 daAuts
     D:4: 70 daAuts
